 Dungeon Crawl Stone Soup version 0.24-a0-117-g53b5160 (webtiles) character file.

Game seed: 12137261537438830285

28 galech the Covered (level 3, 29/29 HPs)
             Began as a Demonspawn Fighter on Feb 18, 2019.
             Quit the game on level 1 of the Dungeon.
             The game lasted 00:00:33 (457 turns).

galech the Covered (Demonspawn Fighter)              Turns: 457, Time: 00:00:33

Health: 29/29      AC:  6    Str: 16    XL:     3   Next: 0%
Magic:  3/3        EV:  7    Int:  9    God:
Gold:   67         SH:  8    Dex: 13    Spells: 2/2 levels left

rFire    . . .     SeeInvis .   a - +0 war axe
rCold    . . .     Gourm    .   c - +0 shield
rNeg     . . .     Faith    .   b - +0 scale mail
rPois    .         Spirit   .   (no helmet)
rElec    .         Reflect  .   (no cloak)
rCorr    .         Harm     .   (no gloves)
MR       .....                  (no boots)
Stlth    +.........             (no amulet)
HPRegen  0.09/turn              (no ring)
MPRegen  0.08/turn              (no ring)

@: no status effects
A: talons 1, nightstalker 1
a: no special abilities


You were on level 1 of the Dungeon.
You were not hungry.

You visited 1 branch of the dungeon, and saw 1 of its levels.

You collected 67 gold pieces.

Inventory:

Hand Weapons
 a - a +0 war axe (weapon)
Armour
 b - a +0 scale mail (worn)
 c - a +0 shield (worn)
Scrolls
 e - a scroll of amnesia {unknown}
Potions
 d - a potion of might
 h - a potion of ambrosia {unknown}
Comestibles
 f - 3 rations
 g - 5 chunks of flesh


   Skills:
 + Level 3.2 Fighting
 + Level 1.8 Axes
 + Level 3.3 Armour
 + Level 0.5 Dodging
 + Level 2.8 Shields


You had 2 spell levels left.
You didn't know any spells.
Your spell library was empty.

Dungeon Overview and Level Annotations

Branches:
Dungeon (1/15)

Altars:


Innate Abilities, Weirdness & Mutations

You have sharp toenails.
You are slightly more attuned to the shadows.


Message History

Found a dagger.
There is an open door here.
A rat comes into view.
A frilled lizard comes into view.
The frilled lizard hisses angrily.
You block the rat's attack.
You slash the rat!
You kill the rat!
A rat comes into view.
Found 26 stones.
You slash the frilled lizard!
You kill the frilled lizard!
You have reached level 3!
Your experience leads to an increase in your attributes!
Increase (S)trength, (I)ntelligence, or (D)exterity?
You feel agile.
Your demonic ancestry asserts itself...
You slip into the darkness of the dungeon.
Your shield prevents you from hitting the rat.
The rat bites you but does no damage. x2
Are you sure you want to abandon this character and quit the game? (Confirm with "yes".)

###
#######'#####[###
##########......#
#.#
#.......##......#
#.#
#.......##...)..#
#.# #
#....(..##......#
#.# # #.#
#.......######.##
#.# # #.# #.......#
#.# #.# # #.#
#......r######.###
#.### ## #.#
#......@.........#
#.#.. .# #.#
#.......##########
#.#.. .# #.#
#.......# #.#..
.####.#####+######
########.#.#
.............
.........#.#
#.###.#####.#
###############.#.#
#.........#
#..........# #.#.#
##..#.###....
#.########.# #.#.#
#..#.#########.#
#.# #.#.#


You could see a rat.

Vanquished Creatures
  2 oozes (D:1)
  A leopard gecko (D:1)
  2 bats (D:1)
  4 goblins (D:1)
  2 hobgoblins (D:1)
  3 kobolds (D:1)
  3 frilled lizards (D:1)
  2 rats (D:1)
19 creatures vanquished.

Notes
Turn   | Place    | Note
-------+----------+-------------------------------------------
     0 | D:1      | galech the Demonspawn Fighter began the quest for the Orb.
     0 | D:1      | Reached XP level 1. HP: 18/18 MP: 1/1
   116 | D:1      | Gained mutation: You have sharp toenails. [demonic
                  | ancestry]
   116 | D:1      | Reached XP level 2. HP: 15/24 MP: 2/2
   456 | D:1      | Gained mutation: You are slightly more attuned to the
                  | shadows. [demonic ancestry]
   456 | D:1      | Reached XP level 3. HP: 29/29 MP: 3/3
   457 | D:1      | Quit the game

Levels and vault maps discovered:
D:1:      minmay_arrival_plants_in_alcoves, layout_basic, tso_altar

Skill      XL: |  1 |
---------------+----+-----
Armour         | 3 |  3.3
Fighting       | |  3.2
Axes           | |  1.8
Dodging        | |  0.5
Shields        | |  2.8

Action                   || total
-------------------------++-------
Melee: War axe           ||    46
       Kick              ||     5
Armor: Scale mail        ||    21
Dodge: Dodged            ||    19
Block: Shield            ||    25

Table legend:
 A = Non-vault XP
 B = Vault XP
 C = Vault XP percentage of total XP
 D = Non-vault monster count
 E = Vault monster count
 F = Vault count percentage of total count
                 A         B        C        D         E       F
            +---------+---------+-------+---------+---------+-------
      Total |      41 |       0 |   0.0 |      19 |       0 |   0.0
            +---------+---------+-------+---------+---------+-------
        D:1 |      41 |       0 |   0.0 |      19 |       0 |   0.0
            +---------+---------+-------+---------+---------+-------
